 Dungeon Crawl Stone Soup version 0.27-a0-637-g3a9f0a9c12 (webtiles) character file.

Game seed: 3330341889676816727

12261 Ijustatesigmund the Cleaver (level 11, 0/90 HPs)
             Began as a Demonspawn Fighter on Mar 15, 2021.
             Was a Believer of Cheibriados.
             Slain by a green very ugly thing (17 damage)
             ... on level 2 of the Abyss.
             The game lasted 00:27:11 (10966 turns).

Ijustatesigmund the Cleaver (Demonspawn Fighter)   Turns: 10966, Time: 00:27:13

Health: 0/90       AC: 10    Str: 21    XL:     11   Next: 60%
Magic:  13/16      EV: 18    Int: 14    God:    Cheibriados [**....]
Gold:   212        SH: 17    Dex: 29    Spells: 10/10 levels left

rFire    . . .     SeeInvis .   a - +8 war axe
rCold    . . .     Faith    .   c - +1 kite shield
rNeg     . . .     Spirit   .   t - +0 swamp dragon scales
rPois    +         Reflect  .   d - +0 helmet
rElec    .         Harm     .   (no cloak)
rCorr    +         Rampage  .   (gloves unavailable)
Will     .....     Clarity  +   (no boots)
Stlth    ++++......             l - amulet of regeneration
HPRegen  1.25/turn              g - +4 ring of evasion
MPRegen  0.15/turn              B - ring of Existentialism {rCorr Dex+6}

@: very slow
A: claws 3, thin skeletal structure 2, spiny 2, condensation shield, clarity,
mutation resistance 1
a: Renounce Religion, Bend Time


You were on level 2 of the Abyss.
You worshipped Cheibriados.
Cheibriados was pleased with you.
You visited 2 branches of the dungeon, and saw 12 of its levels.
You visited the Abyss 1 time.
You also visited: Gauntlet.

You collected 647 gold pieces.
You spent 435 gold pieces at shops.

Inventory:

Hand Weapons
 a - a +8 war axe (weapon)
 o - the +5 mace of Kuojiy {vorpal, +Fly rPois Int+3}
   (You found it on level 8 of the Dungeon)

   It inflicts extra damage upon your enemies.
   It affects your intelligence (+3).
   It protects you from poison.
   It lets you fly.
Missiles
 u - 4 atropa-tipped darts
 w - 4 curare-tipped darts (quivered)
Armour
 b - a +0 chain mail
 c - a +1 kite shield (worn)
 d - a +0 helmet (worn)
 n - the +0 tower shield of Devotion {*Contam +Fly Will++}
   (You found it on level 5 of the Dungeon)

   It affects your willpower, your defense against some magical effects.
   It lets you fly.
   It causes magical contamination when unequipped.
 t - +0 swamp dragon scales (worn)
Jewellery
 g - a +4 ring of evasion (right claw)
 k - a ring of ice
 l - an amulet of regeneration (around neck)
 r - the ring of the King {Str+3 Int+6}
   (You found it on level 6 of the Dungeon)

   [ring of intelligence]

   It affects your strength (+3).
   It affects your intelligence (+6).
 x - a ring of ice
 A - a ring of fire
 B - the ring of Existentialism (left claw) {rCorr Dex+6}
   (You bought it in a shop on level 9 of the Dungeon)

   [ring of resist corrosion]

   It affects your dexterity (+6).
   It provides partial protection from all sources of acid and corrosion.
Wands
 y - a wand of digging (5)
 z - a wand of mindburst (5)
 C - a wand of polymorph (10)
Scrolls
 f - 6 scrolls of identify
 m - a scroll of teleportation
Potions
 e - 2 potions of flight
 h - 4 potions of brilliance
 i - a potion of lignification
 j - 3 potions of mutation
 p - a potion of magic
 q - a potion of berserk rage
 s - 3 potions of cancellation


   Skills:
 + Level 9.6 Fighting
 + Level 10.7 Axes
 - Level 6.2 Armour
 - Level 5.4 Dodging
 - Level 5.7 Shields
 + Level 7.1 Invocations


You had 10 spell levels left.
You didn't know any spells.
Your spell library contained the following spells:

 Spells                   Type           Power      Damage    Failure   Level
 Beastly Appendage        Tmut           0%         N/A       83%         1
 Wereblood                Tmut           0%         N/A       92%         2
 Spider Form              Tmut/Pois      0%         N/A       99%         3
 Ice Form                 Ice/Tmut       0%         N/A       100%        4
 Blade Hands              Tmut           0%         N/A       100%        5


Dungeon Overview and Level Annotations

Branches:
Dungeon (11/15)            Temple (1/1) D:5            Lair (0/6) D:10
Gauntlet (visited)
    Orc: D:9-12

Altars:
Ashenzari
Cheibriados
Dithmenos
Elyvilon
Fedhas
Gozag
Hepliaklqana
Kikubaaqudgha
Makhleb
Nemelex Xobeh
Okawaru
Qazlal
Ru
Sif Muna
Trog
Uskayaw
Vehumet
Wu Jian
Xom
Yredelemnul
Zin
The Shining One

Shops:
D:9 ==

Annotations:
Gauntlet 6 transporters, 3 runed translucent doors


Innate Abilities, Weirdness & Mutations

You have claws for hands.
You have a moderately thin skeletal structure. (Dex +4, Stealth+)
You are mostly covered in sharp spines.
A meltable shield of frost defends you. (SH +4)
You possess an exceptional clarity of mind.
You are somewhat resistant to further mutation.


Message History

You hit the green very ugly thing.
The green very ugly thing is lightly wounded.
You block the green very ugly thing's attack.
You slash the green very ugly thing!
The green very ugly thing is moderately wounded.
You hit the tentacled starspawn.
The green very ugly thing is struck by your spines.
The green very ugly thing stings you!
You block the tentacled starspawn's attack.
The tentacled starspawn barely misses you.
You block the green very ugly thing's attack.
You slash the green very ugly thing!
The green very ugly thing is moderately wounded.
You hit the tentacled starspawn.
You block the tentacled starspawn's attack.
The tentacled starspawn misses you.
The green very ugly thing stings you but does no damage.
You slash the green very ugly thing!
The green very ugly thing is heavily wounded.
You slash the tentacled starspawn!
You block the tentacled starspawn's attack.
The tentacled starspawn engulfs you.
You block the green very ugly thing's attack.
You slash the green very ugly thing!
The green very ugly thing is heavily wounded.
You barely miss the tentacled starspawn.
The tentacled starspawn is struck by your spines.
The tentacled starspawn bites you!!
You block the tentacled starspawn's attack.
The green very ugly thing is struck by your spines.
The green very ugly thing stings you!
A small abomination comes into view.
The flow of time bends around you.
The tentacled starspawn easily resists.
The green very ugly thing resists with some effort.
The tentacled starspawn bites you!!
* * * LOW HITPOINT WARNING * * *
You block the tentacled starspawn's attack.
The green very ugly thing is struck by your spines.
The green very ugly thing stings you!
You die...

. ## .# . # .
.## .. # . . .
... ... # .#. #
....#. ## ....
.###. ..
...##..##...
#.###.#..#.....
. #.....### #
#. #.#X@.#.# ..
...#..##ux.# ##
#.# #.(.# ..
##.#..### .#.u
#..#..#
#...#...u#...
... ยง.##..
.#.#.. # #..
...# #.. #.#
##..


You could see a green very ugly thing, a tentacled starspawn and a small
abomination.

Vanquished Creatures
  An ophan (Abyss:2)
  Josephine (D:11)
  Fannar (D:11)
  An unseen horror (D:10)
  Pikel (D:6)
  An elephant (D:10)
  A centaur skeleton (D:10)
  Maggie (D:6)
  An orange demon (Abyss:2)
  An ancient zyme (Abyss:2)
  2 trolls (D:10)
  A hornet (D:6)
  3 wraiths (D:11)
  9 yaks (D:10)
  A basilisk (D:10)
  3 swamp worms (Gauntlet)
  2 water moccasins
  3 orc warriors
  2 ice beasts
  3 sky beasts
  2 necrophages
  A black bear (D:10)
  4 ogres
  2 lemures (D:6)
  4 centaurs
  Blork the orc (D:4)
  5 bullfrogs
  2 small abominations (Abyss:2)
  3 scorpions
  4 wights (D:8)
  A centaur zombie (D:7)
  A howler monkey (D:4)
  2 quasits
  4 hounds
  8 orc priests
  2 jellies
  3 bullfrog skeletons
  2 iron imps
  Terence (D:3)
  7 iguanas
  Natasha (thrice) (D:4)
  6 orc wizards
  6 worker ants
  2 hound skeletons
  A hound zombie (D:8)
  10 adders
  7 gnolls
  5 shadow imps
  2 white imps
  3 ufetubi
  An ooze (D:4)
  An adder skeleton (D:4)
  2 worms
  A leopard gecko (D:6)
  21 orcs
  A ball python (D:4)
  4 bats
  3 giant cockroaches
  4 goblins
  2 hobgoblins
  2 jackals (D:7)
  5 kobolds
  A quokka (D:4)
  4 frilled lizards
  3 hobgoblin zombies (D:8)
  4 kobold skeletons (D:8)
  A kobold zombie (D:8)
  An orc skeleton (D:8)
  2 orc zombies (D:8)
  A quokka skeleton (D:7)
  5 rats
  A butterfly (D:5)
213 creatures vanquished.

Vanquished Creatures (collateral kills)
  A yak (D:10)
1 creature vanquished.

Vanquished Creatures (others)
  A titan skeleton (Abyss:2)
  2 yaks (D:10)
  A small abomination (Abyss:2)
  A fungus (D:10)
  A plant (D:10)
6 creatures vanquished.

Grand Total: 220 creatures vanquished

Notes
Turn   | Place    | Note
-------+----------+-------------------------------------------
     0 | D:1      | Ijustatesigmund the Demonspawn Fighter began the quest for
                  | the Orb.
     0 | D:1      | Reached XP level 1. HP: 18/18 MP: 1/1
   153 | D:1      | Reached skill level 2 in Axes
   392 | D:1      | Gained mutation: You have sharp fingernails. [demonic
                  | ancestry]
   392 | D:1      | Reached XP level 2. HP: 24/24 MP: 2/2
   968 | D:2      | Reached skill level 1 in Dodging
  1255 | D:2      | Gained mutation: You have a somewhat thin skeletal
                  | structure. (Dex +2, Stealth) [demonic ancestry]
  1255 | D:2      | Reached XP level 3. HP: 29/29 MP: 3/3
  1264 | D:2      | Gained mutation: You possess an exceptional clarity of
                  | mind. [potion of mutation]
  1264 | D:2      | Gained mutation: You are somewhat resistant to further
                  | mutation. [potion of mutation]
  1312 | D:2      | Reached skill level 3 in Axes
  1312 | D:2      | Reached XP level 4. HP: 30/35 MP: 4/4
  1716 | D:3      | Noticed Terence
  1726 | D:3      | Killed Terence
  1953 | D:3      | Found a shimmering blue altar of Sif Muna.
  2206 | D:4      | Gained mutation: A meltable shield of frost defends you.
                  | (SH +4) [demonic ancestry]
  2206 | D:4      | Reached XP level 5. HP: 25/42 MP: 5/5
  2351 | D:4      | Noticed Natasha
  2359 | D:4      | Reached skill level 4 in Axes
  2359 | D:4      | Killed Natasha
  2439 | D:4      | Noticed Blork the orc
  2452 | D:4      | Killed Blork the orc
  2453 | D:4      | Gained mutation: You have very sharp fingernails. [demonic
                  | ancestry]
  2453 | D:4      | Reached XP level 6. HP: 32/48 MP: 6/6
  2581 | D:4      | Noticed a sky beast
  2592 | D:4      | Killed a sky beast
  2664 | D:4      | Reached skill level 5 in Axes
  2845 | D:4      | Noticed Natasha
  2846 | D:4      | Reached XP level 7. HP: 55/55 MP: 7/7
  2853 | D:4      | Killed Natasha
  3308 | D:4      | Noticed Natasha
  3315 | D:4      | Killed Natasha
  3415 | D:5      | Entered Level 5 of the Dungeon
  3427 | D:5      | Found a blossoming altar of Fedhas.
  3451 | D:5      | Reached skill level 5 in Fighting
  3554 | D:5      | Identified the +0 tower shield of Devotion {*Contam +Fly
                  | Will++}
  3623 | D:5      | Reached skill level 6 in Axes
  3760 | D:5      | Found a staircase to the Ecumenical Temple.
  3768 | Temple   | Entered the Ecumenical Temple
  4055 | D:5      | Gained mutation: You have a moderately thin skeletal
                  | structure. (Dex +4, Stealth+) [demonic ancestry]
  4055 | D:5      | Reached XP level 8. HP: 63/63 MP: 8/8
  5069 | D:6      | Reached skill level 7 in Axes
  5069 | D:6      | Reached skill level 5 in Armour
  5070 | D:6      | Identified the +6 spear of Incongruity {vorpal, rC+ Str+4
                  | Dex+4 Stlth+}
  5185 | D:6      | Noticed a hornet
  5195 | D:6      | Killed a hornet
  5948 | D:6      | Gained mutation: You are partially covered in sharp spines.
                  | [demonic ancestry]
  5948 | D:6      | Reached XP level 9. HP: 45/71 MP: 9/9
  6191 | D:6      | Reached skill level 8 in Axes
  6375 | D:6      | Identified the ring of the King {Str+3 Int+6}
  6407 | D:6      | Noticed Maggie
  6422 | D:6      | Killed Maggie
  6602 | D:6      | Noticed Pikel
  6616 | D:6      | Killed Pikel
  7077 | D:7      | Found a bloodstained altar of Trog.
  7083 | D:7      | Found a radiant altar of Vehumet.
  7114 | D:7      | Reached skill level 9 in Axes
  7766 | D:8      | Identified the +5 mace of Kuojiy {vorpal, +Fly rPois Int+3}
  8048 | D:8      | Gained mutation: You have claws for hands. [demonic
                  | ancestry]
  8048 | D:8      | Reached XP level 10. HP: 80/80 MP: 10/10
  8099 | D:8      | Found a basalt altar of Yredelemnul.
  8688 | D:9      | Identified the +0 leather armour of the Heavens {Harm rC-
                  | Will+ rCorr}
  8730 | D:9      | Found Qofroatu's Jewellery Shoppe.
  8977 | D:9      | Found Qinaarum's Jewellery Emporium.
  8987 | D:9      | Bought the ring of Existentialism {rCorr Dex+6} for 435
                  | gold pieces
  9272 | Temple   | Became a worshipper of Cheibriados the Contemplative
  9392 | D:10     | Entered Level 10 of the Dungeon
  9427 | D:10     | Reached skill level 1 in Invocations
  9450 | D:10     | Killed an unseen horror
  9556 | D:10     | Found a staircase to the Lair.
  9556 | D:10     | Noticed an elephant
  9574 | D:10     | Reached skill level 10 in Axes
  9622 | D:10     | Killed an elephant
  9622 | D:10     | Reached * piety under Cheibriados
  9664 | D:10     | Reached skill level 5 in Shields
  9733 | D:10     | Gained mutation: You are mostly covered in sharp spines.
                  | [demonic ancestry]
  9733 | D:10     | Reached XP level 11. HP: 78/87 MP: 14/14
 10133 | D:11     | Noticed Fannar
 10135 | D:11     | Noticed Josephine
 10144 | D:11     | Reached skill level 5 in Invocations
 10158 | D:11     | Killed Josephine
 10159 | D:11     | Reached skill level 5 in Dodging
 10168 | D:11     | Killed Fannar
 10335 | D:11     | Found a gate leading to a gauntlet.
 10348 | Gauntlet | Entered a Gauntlet
 10348 | Gauntlet | Found a transporter.
 10348 | Gauntlet | Found a runed translucent gate.
 10348 | Gauntlet | Found a transporter.
 10348 | Gauntlet | Found a runed translucent gate.
 10348 | Gauntlet | Noticed a catoblepas
 10349 | Gauntlet | Found a runed translucent gate.
 10352 | Gauntlet | Found a transporter.
 10355 | Gauntlet | Found a transporter.
 10367 | Gauntlet | Found a transporter.
 10370 | Gauntlet | Found a transporter.
 10388 | Gauntlet | Found a transporter.
 10422 | Gauntlet | Reached ** piety under Cheibriados
 10436 | Gauntlet | Noticed a wizard
 10470 | Gauntlet | Found a transporter.
 10470 | Gauntlet | Found a transporter.
 10478 | Gauntlet | Cast into level 2 of the Abyss (a wizard)
 10498 | Abyss:2  | Found a corrupted altar of Lugonu.
 10506 | Abyss:2  | Identified the +4 chain mail of Fedhas's Grace {Rampage
                  | Int+3}
 10564 | Abyss:2  | Noticed a thrashing horror
 10583 | Abyss:2  | Noticed a bone dragon
 10609 | Abyss:2  | HP: 1/89 [bone dragon (13)]
 10794 | Abyss:2  | Noticed a starcursed mass
 10886 | Abyss:2  | Noticed a starcursed mass
 10893 | Abyss:2  | Noticed a green very ugly thing
 10911 | Abyss:2  | Noticed an ophan
 10929 | Abyss:2  | Killed an ophan
 10943 | Abyss:2  | Noticed a tentacled starspawn
 10966 | Abyss:2  | Slain by a green very ugly thing

Illustrated notes

Levels and vault maps discovered:
D:1:      wheals_arrival_shading, layout_loops_ring
D:2:      layout_basic
D:3:      layout_basic, lemuel_crystal_altar, uniq_terence
D:4:      layout_loops_ring, uniq_natasha, uniq_blork_the_orc
D:5:      layout_basic, minmay_temple_entry_butterflies, fedhas_ov_isle_minmay
D:6:      layout_loops_cross, uniq_pikel, uniq_maggie
D:7:      layout_basic, gammafunk_temple_overflow_wave
D:8:      layout_basic, yredelemnul_altar_generic, nicolae_tso_besieged_by_evil
D:9:      layout_basic, serial_shops, nicolae_shop_trees, nicolae_shop_crystal,
          roderic_serpentine_path
D:10:     layout_loops_ring, david_lair_generic
D:11:     layout_roguey, gauntlet_entry_generic, uniq_snorg, uniq_harold,
          uniq_fannar, uniq_josephine, uniq_psyche, uniq_erica
Temple:   dpeg_five_rooms_temple
Abyss:2:  base: D:6, base: D:11, bh_silent_lugonu_exit, bh_silent_lugonu_exit
Gauntlet: gammafunk_gauntlet_mixed_choke_point
          [minmay_gauntlet_arena_77_run_for_it,
          minmay_gauntlet_arena_77_two_lines,
          minmay_gauntlet_arena_77_block_sizes,
          gammafunk_gauntlet_arena_split_diamond,
          minmay_gauntlet_arena_77_shame_cube, minmay_gauntlet_arena_77_fan,
          minmay_gauntlet_arena_77_broken_ladder,
          nicolae_gauntlet_exit_dead_adventurers]

Skill      XL: |  1  2  3  4  5  6  7  8  9 10 11 |
---------------+----------------------------------+-----
Axes           | 2 3 4 5 6 7 9 10 | 10.7
Dodging        | 1 2 3 4 5 |  5.4
Fighting       | 4 5 6 7 8 9 |  9.6
Armour         | 3 4 5 6 |  6.2
Shields        | 3 5 |  5.7
Invocations    | 4 7 |  7.1

Action                   |  1- 3 |  4- 6 |  7- 9 | 10-12 || total
-------------------------+-------+-------+-------+-------++-------
Melee: War axe           |    44 |    81 |   281 |   239 ||   645
Throw: Dart              |       |       |     5 |     7 ||    12
Invok: Bend Time         |       |       |       |     1 ||     1
Evoke: Wand              |       |       |       |     5 ||     5
  Use: Scroll            |    11 |     3 |    11 |     7 ||    32
       Potion            |     1 |       |     4 |     3 ||     8
 Stab: Invisible         |       |       |     1 |       ||     1
       Sleeping          |       |       |     4 |     6 ||    10
Armor: Scale mail        |    15 |       |       |       ||    15
       Chain mail        |    11 |    28 |    46 |       ||    85
       Skin              |       |       |     6 |    46 ||    52
       Swamp dragon scal |       |       |    15 |    72 ||    87
Dodge: Dodged            |    14 |    30 |    82 |   115 ||   241
Block: Kite shield       |    27 |    61 |   229 |   217 ||   534

Table legend: (Time is in decaauts)
 A = Elapsed time spent in this place.
 B = Non-inter-level travel time spent in this place.
 C = Inter-level travel time spent in this place.
 D = Time resting spent in this place.
 E = Time spent auto-exploring this place.
 F = Levels seen in this place.
 G = Mean time per level.
                   A        B        C        D        E       F      G
               +--------+--------+--------+--------+--------+-----+--------+
         Total |  11698 |  11099 |    599 |   1278 |   7656 |  14 |  835.6 |
       Dungeon |  10545 |  10066 |    479 |   1155 |   7214 |  11 |  958.6 |
        Temple |    333 |    214 |    119 |      0 |    212 |   1 |  333.0 |
         Abyss |    637 |    637 |      0 |    123 |    230 |   1 |  637.0 |
      Gauntlet |    182 |    182 |      0 |      0 |      0 |   1 |  182.0 |
               +--------+--------+--------+--------+--------+-----+--------+

Top non-repeatable levels by time:
     D:5: 1743 daAuts
     D:6: 1441 daAuts
     D:4: 1297 daAuts
     D:8: 1049 daAuts
     D:7: 1016 daAuts
    D:10: 939 daAuts
     D:2: 839 daAuts
     D:1: 750 daAuts
     D:3: 644 daAuts
 Abyss:2: 637 daAuts
     D:9: 535 daAuts
  Temple: 333 daAuts
    D:11: 287 daAuts
Gauntlet: 182 daAuts
